 Dungeon Crawl Stone Soup version 0.29-a0-821-g66395355a5 (webtiles) character file.

Game seed: 12869459295632587233

21 lesbiats the Magician (level 3, -9/25 HPs)
             Began as a Djinni Fire Elementalist on July 8, 2022.
             Mangled by an orc
             ... wielding a +2 hand axe of electrocution
              (16 damage)
             ... on level 4 of the Dungeon.
             The game lasted 00:09:55 (1439 turns).

lesbiats the Magician (Djinni Fire Elementalist)    Turns: 1439, Time: 00:09:55

Health: -9/25      AC:  2    Str:  7    XL:     3   Next: 2%
Gold:   120        EV: 12    Int: 18    God:
                   SH:  0    Dex: 13

rFire   + + .      SeeInvis .   i - +2 dagger (pain)
rCold   x . .      Faith    .   (no shield)
rNeg    . . .      Spirit   .   a - +0 robe
rPois   ∞          Reflect  .   (helmet currently unavailable)
rElec   .          Harm     .   (no cloak)
rCorr   .          Rampage  .   (no gloves)
Will    .....                   (boots unavailable)
Stlth   ++........              e - amulet of regeneration
HPRegen 0.88/turn               (no ring)
MPRegen 0.00/turn               (no ring)

@: appendages, flying
A: horns 2, flying, sickness immunity, fire resistance 2, cold vulnerability 1,
float, innate caster, HP casting, extra vitality 1
a: End Transformation


You were on level 4 of the Dungeon.
You had temporarily grown beastly horns.
You visited 1 branch of the dungeon, and saw 3 of its levels.

You collected 120 gold pieces.

Inventory:

Hand Weapons
 b - a +0 short sword
 h - a +0 dagger
 i - a +2 dagger of pain (weapon)
Missiles
 c - 16 stones
Armour
 a - a +0 robe (worn)
 k - a +0 leather armour
Jewellery
 e - an amulet of regeneration (around neck)
 j - an amulet of guardian spirit
Scrolls
 d - a scroll of identify {unknown}
 f - a scroll of enchant weapon {unknown}
Potions
 g - 2 potions of attraction {unknown}
 l - a potion of haste {unknown}


   Skills:
 - Level 2.4 Dodging
 - Level 1.9 Stealth
 * Level 2.9 Spellcasting


You couldn't memorise any spells.
You knew the following spells:

 Your Spells              Type           Power      Damage    Failure   Level
a - Foxfire               Conj/Fire      52%        2x1d6     4%          1
b - Scorch                Fire           26%        2d6       8%          2
c - Conjure Flame         Conj/Fire      13%        6-21      16%         3
d - Inner Flame           Hex/Fire       13%        N/A       16%         3
e - Flame Wave            Conj/Fire      13%        2d6       45%         4
f - Beastly Appendage     Tmut           26%        N/A       4%          1
Your spell library was empty.

Dungeon Overview and Level Annotations

Branches:
Dungeon (4/15)
 Temple: D:4-7

Altars:


Innate Abilities, Weirdness & Mutations

You have temporarily grown beastly horns.
You are flying.
You are immune to sickness and miasma.
You are immune to poison.
Your flesh is very heat resistant. (rF++)
You are vulnerable to cold. (rC-)
You float through the air rather than walking.
You learn spells naturally, not from books.
Your magical power is your life essence.
You have superior vitality. (+4 MHP)


Message History

Your foxfire dissipates!
A bat comes into view.
The bat moves out of view.
Casting: Foxfire (safe; 4% risk of failure)
Press: ? - help, Q - select action, (/) - cycle Dir - look around, f - activate You conjure some foxfire!
The foxfire hits the bat.
The bat is moderately wounded.
The foxfire hits the bat.
You kill the bat!
The frilled lizard hisses angrily.
Casting: Foxfire (safe; 4% risk of failure)
Confirm with . or Enter, or press ? or * to list all spells.
You grow a pair of large bovine horns.
The frilled lizard closely misses you.
A sourceless malevolence fills the Dungeon...
You are sucked into a shaft and drop 2 floors!
The shaft crumbles and collapses.
Found a stone staircase leading down.
Found a stone staircase leading up.
A gnoll comes into view. It is wielding a +1 whip of draining.
Found 5 stones.
The gnoll shouts!
You hear a shout! x3
An orc comes into view.
It is wielding a +2 hand axe of electrocution.
A gnoll comes into view. It is wielding a +0 halberd.
An orc comes into view. It is wielding a +0 dagger.
The gnoll hits you with a +1 whip of draining.
The gnoll shouts!
You hear a shout! x3
A gnoll comes into view. It is wielding a +0 club.
The gnoll attacks as you move away!
The gnoll hits you with a +1 whip of draining.
The gnoll hits you from afar with a +0 halberd!
The gnoll closely misses you.
The gnoll hits you with a +1 whip of draining.
There is a stone staircase leading up here.
You can't go down here!
The orc hits you with a +2 hand axe of electrocution.
* * * LOW HITPOINT WARNING * * *
You are electrocuted!
Ouch! That really hurt!
You die...

....#.#####.. .#
....#...##..####...##
g.............>.....#
..o.........###...^.
..g........#.....#.
#o.........#
###.g.......#....
#..##..og............
#.....@.......###...
...............# ..
..###.#.######## # .
#...# ##..# ####


You could see 3 gnolls and 2 orcs.

Vanquished Creatures
  A worm (D:2)
  2 ball pythons (D:1)
  3 goblins (D:1)
  A hobgoblin (D:1)
  2 kobolds (D:1)
  3 bats
  6 rats (D:1)
18 creatures vanquished.

Vanquished Creatures (others)
  35 foxfires
35 creatures vanquished.

Grand Total: 53 creatures vanquished

Notes
Turn   | Place    | Note
-------+----------+-------------------------------------------
     0 | D:1      | lesbiats the Djinni Fire Elementalist began the quest for
                  | the Orb.
     0 | D:1      | lesbiats set off with the following spells memorised:
                  | Foxfire, Scorch, Conjure Flame, Inner Flame, Flame Wave.
     0 | D:1      | Reached XP level 1. HP: 15/15 MP: 0/0
   353 | D:1      | Reached XP level 2. HP: 17/21 MP: 0/0
  1412 | D:2      | Reached XP level 3. HP: 19/25 MP: 0/0
  1412 | D:2      | Learned a level 1 spell: Beastly Appendage
  1424 | D:2      | You are sucked into a shaft and drop 2 floors!
  1439 | D:4      | Mangled by an orc

Illustrated notes

Levels and vault maps discovered:
D:1:      amcnicky_arrival_double_pillar, layout_loops_ring
D:2:      layout_basic, basic_altar, kennysheep_decorative_pillar
D:4:      layout_rooms, grunt_temple_overflow_open

Action                   || total
-------------------------++-------
Melee: Unarmed           ||     6
       Dagger            ||     8
 Cast: Foxfire           ||    23
       Scorch            ||     1
       Beastly Appendage ||     1
 Stab: Sleeping          ||     2
Armor: Robe              ||     4
Dodge: Dodged            ||    39

Table legend: (Time is in decaauts)
 A = Elapsed time spent in this place.
 B = Non-inter-level travel time spent in this place.
 C = Inter-level travel time spent in this place.
 D = Time resting spent in this place.
 E = Time spent auto-exploring this place.
 F = Levels seen in this place.
 G = Mean time per level.
                   A        B        C        D        E       F      G
               +--------+--------+--------+--------+--------+-----+--------+
         Total |   1438 |   1382 |     56 |    426 |    603 |   3 |  479.3 |
       Dungeon |   1438 |   1382 |     56 |    426 |    603 |   3 |  479.3 |
               +--------+--------+--------+--------+--------+-----+--------+

Top non-repeatable levels by time:
     D:1: 1386 daAuts
     D:2: 37 daAuts
     D:4: 14 daAuts
